 Dungeon Crawl Stone Soup version 0.27-a0-1595-g0b823d0a13 (webtiles) character file.

Game seed: 6714180426368480896

350 Mitsuki the Firebug (level 6, 0/32 HPs)
             Began as a Deep Elf Fire Elementalist on July 19, 2021.
             Slain by a water moccasin (6 damage)
             ... on level 6 of the Dungeon on July 20, 2021.
             The game lasted 00:08:43 (3437 turns).

Mitsuki the Firebug (Deep Elf Fire Elementalist)    Turns: 3437, Time: 00:08:43

Health: 0/32       AC:  3    Str:  5    XL:     6   Next: 34%
Magic:  3/15       EV: 13    Int: 22    God:
Gold:   162        SH:  0    Dex: 15    Spells: 10/14 levels left

rFire    . . .     SeeInvis .   d - +0 dagger
rCold    . . .     Faith    .   (no shield)
rNeg     . . .     Spirit   .   a - +0 robe
rPois    .         Reflect  .   m - +0 helmet
rElec    .         Harm     .   (no cloak)
rCorr    .         Rampage  .   (no gloves)
Will     .....                  (no boots)
Stlth    ++........             k - amulet of the acrobat
HPRegen  0.10/turn              (no ring)
MPRegen  0.14/turn              (no ring)

@: lethally poisoned (0 -> -5)
A: no striking features
a: no special abilities


You were on level 6 of the Dungeon.
You visited 1 branch of the dungeon, and saw 5 of its levels.

You collected 162 gold pieces.

Inventory:

Hand Weapons
 d - a +0 dagger (weapon)
Armour
 a - a +0 robe (worn)
 m - a +0 helmet (worn)
Jewellery
 k - an amulet of the acrobat (around neck)
Scrolls
 f - 2 scrolls of amnesia {unknown}
 g - 5 scrolls of identify {unknown}
 h - a scroll of vulnerability {unknown}
 i - a scroll of teleportation {unknown}
 j - a scroll of noise {unknown}
 n - a scroll of enchant armour {unknown}
Potions
 b - a potion of resistance {unknown}
 c - 2 potions of heal wounds
 e - a potion of attraction {unknown}
 l - 2 potions of degeneration {unknown}
 o - a potion of flight {unknown}
 p - 2 potions of cancellation {unknown}


   Skills:
 + Level 4.1 Dodging
 - Level 2.4 Stealth
 + Level 4.8 Spellcasting
 + Level 3.2 Conjurations
 * Level 5.5 Fire Magic


You had 10 spell levels left.
You knew the following spells:

 Your Spells              Type           Power      Damage    Failure   Level
a - Foxfire               Conj/Fire      96%        2x1d8     1%          1
b - Conjure Flame         Conj/Fire      24%        6-21      4%          3

Your spell library contained the following spells:

 Spells                   Type           Power      Damage    Failure   Level
 Inner Flame              Hex/Fire       17%        N/A       10%         3
 Sticky Flame             Conj/Fire      24%        2d5       17%         4
 Fireball                 Conj/Fire      12%        3d7       43%         5


Dungeon Overview and Level Annotations

Branches:
Dungeon (4/15)             Temple (0/1) D:4

Altars:
Qazlal

Shops:
D:1 !


Message History

You now have 1/15 mp.
Casting: Foxfire (safe; 1% risk of failure)
Press: ? - help, Q - select action, (/) - cycle Dir - look around, f - activate You conjure some foxfire!
* * * LOW MAGIC WARNING * * *
The foxfire hits something.
Reactivating autopickup.
You feel a bit more experienced.
You now have 0/15 mp.
Your foxfire dissipates!
You fall into a shaft and drop 2 floors!
The shaft crumbles and collapses.
Your mindless thrall stays behind.
A water moccasin comes into view.
Found 19 arrows.
Your magical contamination has completely faded away.
Found a chain mail.
The water moccasin misses you. The water moccasin closely misses you.
The water moccasin bites you.
You are poisoned.
The water moccasin poisons you!
You take 6 damage, and have 20/32 hp.
You feel very sick.
You take 4 damage, and have 16/32 hp.
Found a scroll labelled WOPEKE ECEABOA and a scroll labelled LUAPTI BIDYTU.
You feel very sick.
You take 3 damage, and have 13/32 hp.
You feel sick. The water moccasin misses you.
You take 2 damage, and have 11/32 hp.
* * * LOW HITPOINT WARNING * * *
You feel sick.
You take 2 damage, and have 9/32 hp.
* * * LOW HITPOINT WARNING * * *
You feel sick.
You take 2 damage, and have 7/32 hp.
You open the door.
An orc comes into view. It is wielding a +0 war axe.
* * * LOW HITPOINT WARNING * * *
You feel sick. The water moccasin bites you.
You die...

#################
#................
#.?.............
#.?..S..........
##..@##......#
###'##......#
..#.#.....#
..o#.##...[#
....#. ##...#
#....#. ##..#
##...#. ##.##
#...## ##...+
##...##


You could see a water moccasin and an orc (asleep).

Vanquished Creatures
  A scorpion (D:3)
  A jelly (D:2)
  3 orc wizards (D:4)
  Robin (D:3)
  5 gnolls
  2 adders
  An adder skeleton (D:4)
  2 dart slugs (D:2)
  7 orcs
  9 endoplasms
  2 giant cockroaches
  12 goblins
  7 hobgoblins
  5 jackals
  7 kobolds
  3 quokkas
  7 ball pythons
  5 bats
  7 frilled lizards
  12 rats
99 creatures vanquished.

Vanquished Creatures (others)
  258 foxfires
258 creatures vanquished.

Grand Total: 357 creatures vanquished

Notes
Turn   | Place    | Note
-------+----------+-------------------------------------------
     0 | D:1      | Mitsuki the Deep Elf Fire Elementalist began the quest for
                  | the Orb.
     0 | D:1      | Reached XP level 1. HP: 10/10 MP: 6/6
   270 | D:1      | Reached XP level 2. HP: 15/15 MP: 8/8
   320 | D:1      | Found Nilekug's Distillery.
   608 | D:1      | Reached XP level 3. HP: 17/19 MP: 6/9
   726 | D:1      | Found a faded altar of an unknown god.
   999 | D:1      | Learned a level 3 spell: Conjure Flame
  1143 | D:2      | Reached skill level 4 in Fire Magic
  1765 | D:2      | Upgraded the game from 0.27-a0-1591-gc56fcc985a to
                  | 0.27-a0-1595-g0b823d0a13
  1901 | D:2      | Reached XP level 4. HP: 18/24 MP: 5/11
  2434 | D:3      | Noticed Robin
  2441 | D:3      | Killed Robin
  2442 | D:3      | Reached XP level 5. HP: 26/28 MP: 4/13
  2655 | D:3      | Reached skill level 5 in Fire Magic
  3143 | D:4      | Found a stormy altar of Qazlal.
  3374 | D:4      | Reached XP level 6. HP: 32/32 MP: 11/14
  3397 | D:4      | Found a staircase to the Ecumenical Temple.
  3421 | D:4      | You fall into a shaft and drop 2 floors!
  3421 | D:6      | Noticed a water moccasin
  3437 | D:6      | Slain by a water moccasin

Illustrated notes

Levels and vault maps discovered:
D:1:      shiori_shiawase, layout_basic, serial_shops, shop,
          dreamdust_ecumenical_altar_angels_and_demons
D:2:      layout_loops_ring, roderic_serpentine_path, minmay_divided_ellipse
D:3:      layout_basic, uniq_robin
D:4:      layout_loops_ring, nicolae_qazlal_scattered_showers,
          minmay_temple_entry_large_hall, gammafunk_ghost_necromancy,
          serial_shops, nicolae_diamond_shop
D:6:      layout_gridville, nicolae_overflow_crystal_walls, minmay_hedge_maze,
          nrook_loot_triangle, uniq_menkaure, uniq_blork_the_orc

Skill      XL: |  1  2  3  4  5  6 |
---------------+-------------------+-----
Dodging        | 3 4 |  4.1
Fire Magic     | 4 5 |  5.5
Conjurations   | 2 3 |  3.2
Spellcasting   | 4 |  4.8
Stealth        | |  2.4

Action                   |  1- 3 |  4- 6 || total
-------------------------+-------+-------++-------
Melee: Dagger            |    18 |    16 ||    34
 Cast: Foxfire           |    78 |    78 ||   156
  Use: Potion            |       |     1 ||     1
 Stab: Sleeping          |     2 |     5 ||     7
Armor: Robe              |     6 |     1 ||     7
Dodge: Dodged            |    16 |    29 ||    45

Table legend: (Time is in decaauts)
 A = Elapsed time spent in this place.
 B = Non-inter-level travel time spent in this place.
 C = Inter-level travel time spent in this place.
 D = Time resting spent in this place.
 E = Time spent auto-exploring this place.
 F = Levels seen in this place.
 G = Mean time per level.
                   A        B        C        D        E       F      G
               +--------+--------+--------+--------+--------+-----+--------+
         Total |   3436 |   3375 |     61 |      2 |   2894 |   5 |  687.2 |
       Dungeon |   3436 |   3375 |     61 |      2 |   2894 |   5 |  687.2 |
               +--------+--------+--------+--------+--------+-----+--------+

Top non-repeatable levels by time:
     D:2: 1259 daAuts
     D:3: 1017 daAuts
     D:1: 1011 daAuts
     D:4: 132 daAuts
     D:6: 15 daAuts
